 Dungeon Crawl Stone Soup version 0.30.0-19-g36f170ea60 (webtiles) character file.

Game seed: 11507775113318642021

2753 Irreverend the Frost Mage (level 9, -3/41 (45) HPs)
             Began as a Tengu Ice Elementalist on May 29, 2023.
             Was a Follower of Sif Muna.
             Slain by an orc warrior
             ... wielding a +0 trident
              (14 damage)
             ... on level 8 of the Dungeon.
             The game lasted 00:20:59 (10249 turns).

Irreverend the Frost Mage (Tengu Ice Elementalist) Turns: 10249, Time: 00:20:59

HP:   -3/41 (45)    AC: 10    Str:  8    XL:     9   Next: 68%
MP:   5/19          EV: 18    Int: 20    God:    Sif Muna [*.....]
Gold: 405           SH:  0    Dex: 15    Spells: 13/20 levels left

rFire   . . .        p - +0 dagger (speed)
rCold   . . .        (no shield)
rNeg    . . .        a - +0 robe
rPois   .            (helmet restricted)
rElec   .            (no cloak)
rCorr   .            (no gloves)
SInv    +            (boots unavailable)
Will    .....        (no amulet)
Stlth   ++           s - ring of see invisible
HPRegen 0.26/turn    (no ring)
MPRegen 0.16/turn

%: no passive effects
@: ice-armoured, freezing walls, flying quickly and evasively, drained, quick
A: beak, talons 3, nimble flight
a: Renounce Religion, Channel Magic


You were on level 8 of the Dungeon.
You worshipped Sif Muna.
Sif Muna was aware of your devotion.
You visited 2 branches of the dungeon, and saw 9 of its levels.

You collected 405 gold pieces.

Inventory:

Hand Weapons
 j - a +3 dagger
 p - a +0 dagger of speed (weapon)
Missiles
 D - 2 throwing nets
Armour
 a - a +0 robe (worn)
Jewellery
 s - a ring of see invisible (left hand)
 E - a ring of protection from cold
Wands
 o - a wand of flame (28)
 z - a wand of charming (10)
Scrolls
 d - 4 scrolls of fear {unknown}
 e - 3 scrolls of teleportation {unknown}
 g - a scroll of noise {unknown}
 i - a scroll of enchant weapon {unknown}
 m - 4 scrolls of vulnerability {unknown}
 n - 6 scrolls of poison {unknown}
 t - 2 scrolls of magic mapping {unknown}
 v - 2 scrolls of enchant armour {unknown}
 y - a scroll of identify
 A - a scroll of amnesia {unknown}
 F - a scroll of immolation {unknown}
Potions
 b - a potion of magic
 c - 8 potions of curing
 f - a potion of flight {unknown}
 h - 2 potions of mutation
 k - a potion of lignification
 l - a potion of degeneration {unknown}
 q - 2 potions of brilliance
 r - 2 potions of heal wounds {unknown}
 u - 2 potions of attraction
 w - 2 potions of haste {unknown}
 x - a potion of might {unknown}
 B - a potion of invisibility {unknown}
 C - a potion of ambrosia {unknown}


   Skills:
 + Level 7.4 Dodging
 - Level 2.0 Stealth
 + Level 6.2 Spellcasting
 * Level 9.3 Ice Magic


You had 13 spell levels left.
You knew the following spells:

 Your Spells              Type           Power      Damage    Failure   Level
a - Freeze                Ice            100%       1d10      1%          1
b - Frozen Ramparts       Ice            86%        1d13      1%          3
c - Ozocubu's Armour      Ice            43%        N/A       1%          3

Your spell library contained the following spells:

 Spells                   Type           Power      Damage    Failure   Level
 Summon Small Mammal      Summ           24%        N/A       11%         1
 Summon Ice Beast         Ice/Summ       24%        N/A       16%         4
 Call Canine Familiar     Summ           6%         N/A       30%         3
 Gell's Gravitas          Tloc           6%         N/A       30%         3
 Summon Guardian Golem    Hex/Summ       6%         N/A       30%         3
 Teleport Other           Tloc           6%         N/A       30%         3
 Passage of Golubria      Tloc           6%         N/A       71%         4
 Silence                  Hex/Air        3%         N/A       96%         5
 Dispersal                Tloc           3%         N/A       100%        6
 Lehudib's Crystal Spear  Conj/Erth      3%         10d2      100%        8


Dungeon Overview and Level Annotations

Branches:
Dungeon (8/15)             Temple (1/1) D:5
   Lair: D:8-11

Altars:
Ashenzari
Cheibriados
Dithmenos
Elyvilon
Fedhas
Gozag
Hepliaklqana
Kikubaaqudgha
Qazlal
Ru
Sif Muna
Trog
Uskayaw
Vehumet
Wu Jian
Xom
Yredelemnul
Zin
The Shining One


Innate Abilities, Weirdness & Mutations

You have a beak for a mouth.
You have claws for feet.
Your magical nature lets you fly swiftly and evasively.


Message History

You hit the wight but do no damage. You claw the wight.
The wight is almost destroyed.
You hit the wight.
You destroy the wight!
Sif Muna accepts your kill.
The frozen ramparts melt away.
The orc priest invokes the aid of Beogh against you.
Beogh smites you!
* * * LOW HITPOINT WARNING * * *
Your icy armour will break if you move.
Continue? [Y]es or [N]o only, please.
Your icy armour will break if you move.
Continue?
Okay, then.
Aiming: Charm
Press: ? - help, Shift-Dir - straight line, f - orc priest
Aim: an orc priest, wielding a +0 dagger and wearing a +0 ring mail (chance to affect: 49%)
The orc priest is charmed.
Your icy armour cracks and falls away as you move.
A boomerang appears from out of your range of vision.
The boomerang hits your orc priest.
Things that are here:
a +0 short sword; a +0 robe You start resting.
An orc warrior is nearby!
The orc warrior shouts!
You start resting.
An orc warrior is nearby!
Casting: Frozen Ramparts (safe; 1% risk of failure)
Confirm with . or Enter, or press ? or * to list all spells.
Casting: Frozen Ramparts (safe; 1% risk of failure)
Press: ? - help, Dir - look around, f - activate The walls around you are covered in ice.
The wall freezes the orc warrior but does no damage.
Casting: Frozen Ramparts (safe; 1% risk of failure)
Confirm with . or Enter, or press ? or * to list all spells.
A film of ice covers your body!
The wall freezes the orc warrior.
The orc warrior closely misses you.
The wall freezes the orc warrior but does no damage.
The orc warrior hits you from afar with a +0 trident!
You die...

#.# #....#.##...# #.##.#
#.###...##.#.)#.###.##.#
#.##..#.##.#)##.##..##.#
#.#..##......##.##.###.#
#)#.###..##)###.##.# #.#
#.#.# #..##.# #.##.# #.#
#...# #..##.# #.#..# #.#
#.### ##....###.#.## #.# #
#.# #....o.@..#.# #.#
####.# #....####...# #.#
.##..# ###....# #.#.# #.#
.....# #......# #.### #.#
.....###.##.######.######.#
......(...................#
#.#....#.#..######.########
..#.##.o.#.## #))#
###.#....#. #.##


You could see an orc warrior.

Vanquished Creatures
  A wraith (D:7)
  Sigmund (D:5)
  A steam dragon (D:7)
  Menkaure (D:6)
  A water moccasin (D:8)
  A sky beast (D:7)
  An orc warrior (D:8)
  An ice beast (D:6)
  An ogre (D:5)
  A phantom (D:4)
  2 kobold brigands (D:7)
  A bullfrog (D:8)
  8 scorpions
  A gnoll sergeant (D:7)
  2 wights (D:8)
  3 howler monkeys (D:7)
  4 hounds
  2 orc priests
  A jelly (D:5)
  Ijyb (D:3)
  A sleepcap (D:6)
  Terence (D:3)
  An iguana (D:4)
  5 orc wizards
  Robin (D:2)
  4 gnolls (D:7)
  5 adders
  3 white imps
  6 ufetubi
  2 dart slugs
  17 orcs
  8 endoplasms
  A giant cockroach (D:1)
  12 goblins
  10 hobgoblins
  10 jackals
  2 quokkas
  4 ball pythons
  2 bats (D:1)
  3 frilled lizards
  11 kobolds
  4 rats
148 creatures vanquished.

Vanquished Creatures (others)
  An orc priest (D:8)
1 creature vanquished.

Grand Total: 149 creatures vanquished

Notes
Turn   | Place    | Note
-------+----------+-------------------------------------------
     0 | D:1      | Irreverend the Tengu Ice Elementalist began the quest for
                  | the Orb.
     0 | D:1      | Reached XP level 1. HP: 10/10 MP: 4/4
   165 | D:1      | Reached XP level 2. HP: 3/15 MP: 0/6
   616 | D:1      | Reached skill level 4 in Ice Magic
   768 | D:1      | Reached XP level 3. HP: 19/19 MP: 5/7
   772 | D:1      | Learned a level 3 spell: Frozen Ramparts
  1067 | D:1      | Found a faded altar of an unknown god.
  1510 | D:2      | Noticed Robin
  1533 | D:2      | Killed Robin
  1534 | D:2      | Reached XP level 4. HP: 13/24 MP: 0/8
  1618 | D:2      | Learned a level 3 spell: Ozocubu's Armour
  2069 | D:3      | Noticed a scorpion
  2124 | D:2      | Killed a scorpion
  2125 | D:2      | Gained mutation: Your magical nature lets you fly swiftly
                  | and evasively. [Tengu growth]
  2125 | D:2      | Reached XP level 5. HP: 14/28 MP: 0/10
  2324 | D:3      | Noticed Terence
  2331 | D:3      | Noticed Ijyb
  2351 | D:3      | Killed Ijyb
  2471 | D:3      | Reached skill level 5 in Ice Magic
  2531 | D:3      | Found a sacrificial altar of Ru.
  2711 | D:3      | Killed Terence
  3029 | D:3      | Found a shadowy altar of Dithmenos.
  3034 | D:3      | Found a glowing silver altar of Zin.
  3039 | D:3      | Found an ancient bone altar of Kikubaaqudgha.
  3203 | D:4      | Noticed a phantom
  3282 | D:4      | Killed a phantom
  3283 | D:4      | Reached XP level 6. HP: 28/32 MP: 1/12
  3796 | D:4      | Reached XP level 7. HP: 31/36 MP: 6/13
  4344 | D:4      | Found a hide-covered altar of Uskayaw.
  4345 | D:4      | Found a glowing golden altar of the Shining One.
  4391 | D:4      | Reached skill level 6 in Ice Magic
  4937 | D:5      | Entered Level 5 of the Dungeon
  5030 | D:5      | Noticed Sigmund
  5144 | D:5      | Killed Sigmund
  5145 | D:5      | Reached skill level 5 in Dodging
  5444 | D:5      | Reached XP level 8. HP: 37/41 MP: 8/15
  5922 | D:5      | Found a staircase to the Ecumenical Temple.
  5952 | Temple   | Entered the Ecumenical Temple
  6075 | Temple   | Became a worshipper of Sif Muna the Loreminder
  6346 | D:5      | Found an ornate altar of the Wu Jian Council.
  6354 | D:5      | Reached skill level 7 in Ice Magic
  7157 | D:6      | Noticed Menkaure
  7180 | D:6      | Killed Menkaure
  7184 | D:6      | Reached skill level 5 in Spellcasting
  7430 | D:6      | Reached * piety under Sif Muna
  8270 | D:7      | Reached skill level 8 in Ice Magic
  8335 | D:7      | Reached XP level 9. HP: 23/45 MP: 9/18
  9647 | D:8      | Reached skill level 9 in Ice Magic
 10249 | D:8      | Slain by an orc warrior

Illustrated notes

Levels and vault maps discovered:
D:1:      dpeg_arrival_refuge, layout_loops_ring, serial_bayou,
          serial_bayou_ford_a, serial_bayou_shore_a, serial_bayou_pond_c,
          serial_bayou_pond_c, shapermc_ecumenical_altar_acropolis,
          minmay_bisected
D:2:      layout_basic, uniq_robin
D:3:      layout_rooms, nicolae_ru_sacrificial_ziggurat,
          minmay_overflow_temple_star_quad, uniq_terence, uniq_ijyb
D:4:      layout_layer_cave, nicolae_overflow_squiral
D:5:      layout_cave_pods, nzn_wu_jian_contemplation, minmay_temple_entry_grid,
          st_stairs_1, uniq_sigmund
D:6:      layout_basic, uniq_menkaure
D:7:      layout_basic, serial_co_window_serial, co_window_cross_1,
          co_window_corner_a, co_window_cross_1, co_window_of_opportunity_a,
          co_window_corner_a, co_window_paths_a, co_window_corner_b,
          co_window_2corner, co_window_corner_ca, co_window_2corner,
          glass_columns_c, glass_columns_b, glass_columns_a, glass_columns_b,
          chequers_serial_rivers_room_b
D:8:      layout_rooms
Temple:   hellmonk_temple_flake

Skill      XL: |  1  2  3  4  5  6  7  8  9 |
---------------+----------------------------+-----
Ice Magic      | 4 5 6 8 9 |  9.3
Dodging        | 3 4 5 6 7 |  7.4
Spellcasting   | 3 4 5 6 |  6.2
Stealth        | |  2.0

Action                     |  1- 3 |  4- 6 |  7- 9 || total
---------------------------+-------+-------+-------++-------
  Melee: Unarmed           |     2 |       |       ||     2
         Dagger            |     6 |    40 |   164 ||   210
         Peck              |     1 |    12 |    45 ||    58
         Kick              |       |    17 |    55 ||    72
         Punch             |       |       |     2 ||     2
   Cast: Freeze            |    45 |    20 |    20 ||    85
         Frozen Ramparts   |     6 |    19 |    55 ||    80
         Ozocubu's Armour  |       |     9 |    36 ||    45
  Evoke: Wand              |       |       |     3 ||     3
    Use: Scroll            |       |       |     4 ||     4
         Potion            |       |       |     1 ||     1
 Armour: Robe              |    12 |     9 |    37 ||    58
  Dodge: Dodged            |    26 |    37 |   146 ||   209
